cohdb
Replays
Latest Replays
All Replays
Popular Replays
Top Player Replays
Match Explorer
How It Works
Community
CoH3 Stats
Reddit
Sign in to upload your games and track your stats! →
Sign in with Steam
Match 43151504
Unlisted
Match 43151504
Overview
Messages
Build Orders
End
Panzergrenadier Squad
Selects Armored Support Battlegroup
Panzergrenadier Squad
Construct Light Support Kompanie
2.5-tonne Medical Truck
Panzergrenadier Squad
Fire Support Elements
Selects Salvage Kits
Veteran Squad Leaders
Forward Retreat Point
le.IG 18 Support Gun Team
Panzergrenadier Squad
Pak 38 Mechanized Group
Construct Panzerarmee Kommand
Husar
Nealxia
DasManKeY
Tuleja*
Fred the Fish
376960781
onejxaxau7
zero
0
0
Comments
sign in to comment!
No comments posted yet!